 Dungeon Crawl Stone Soup version 0.29.1-1-gd02db6906a (webtiles) character file.

Game seed: 3895299773879902826

33 jimonade the Shooter (level 3, -4/20 HPs)
             Began as a Deep Elf Hunter on Sept 17, 2022.
             Slain by an ogre
             ... wielding a +0 giant club
              (14 damage)
             ... on level 2 of the Dungeon.
             The game lasted 00:02:38 (1082 turns).

jimonade the Shooter (Deep Elf Hunter)              Turns: 1082, Time: 00:02:39

Health: -4/20      AC:  9    Str:  8    XL:     3   Next: 12%
Magic:  5/5        EV: 10    Int: 13    God:
Gold:   70         SH:  0    Dex: 20    Spells: 2/2 levels left

rFire   . . .      SeeInvis .   a - +0 shortbow
rCold   . . .      Faith    .   (shield currently unavailable)
rNeg    . . .      Spirit   .   q - +0 ring mail
rPois   .          Reflect  .   (no helmet)
rElec   .          Harm     .   (no cloak)
rCorr   .          Rampage  .   (no gloves)
Will    .....                   (no boots)
Stlth   +.........              m - amulet of magic regeneration
HPRegen 0.06/turn               j - +4 ring of protection
MPRegen 0.49/turn               (no ring)

@: no status effects
A: no striking features
a: no special abilities


You were on level 2 of the Dungeon.
You visited 1 branch of the dungeon, and saw 2 of its levels.

You collected 70 gold pieces.

Inventory:

Hand Weapons
 a - a +0 shortbow (weapon)
 b - a +2 dagger of protection
 r - a +0 sling
Missiles
 d - a throwing net
Armour
 c - a +0 leather armour
 q - a +0 ring mail (worn)
Magical Staves
 i - a staff of air
Jewellery
 j - a +4 ring of protection (left hand)
 m - an amulet of magic regeneration (around neck)
Scrolls
 e - a scroll of identify {unknown}
 f - a scroll of amnesia {unknown}
 h - a scroll of immolation
 k - a scroll of summoning {unknown}
 n - a scroll of magic mapping {unknown}
Potions
 g - 2 potions of curing {unknown}
 l - a potion of mutation {unknown}
 o - a potion of degeneration {unknown}
 p - a potion of resistance {unknown}


   Skills:
 - Level 1.5 Fighting
 + Level 6.7 Ranged Weapons
 - Level 2.4 Dodging
 - Level 1.2 Stealth


You had 2 spell levels left.
You didn't know any spells.
Your spell library was empty.

Dungeon Overview and Level Annotations

Branches:
Dungeon (2/15)

Altars:

Shops:
D:2 (


Message History

The jackal barks!
You hear a bark!
A jackal comes into view.
You shoot an arrow. The arrow hits the ogre!
The ogre is moderately wounded.
A jackal comes into view.
The jackal moves out of view.
The jackal barks!
The jackal bites the plant.
The plant begins to die.
You shoot an arrow. The arrow hits the jackal.
The jackal is severely wounded.
Something unseen opens the door.
You shoot an arrow.
The arrow hits the jackal but does no damage.
The jackal is severely wounded.
The jackal barely misses you.
A hobgoblin comes into view.
You shoot an arrow. The arrow barely misses the jackal.
The arrow hits the jackal!
You kill the jackal!
A nearby plant withers and dies.
The jackal barely misses you. The jackal closely misses you.
You shoot an arrow. The arrow hits the jackal.
You kill the jackal!
The jackal bites you but does no damage.
You shoot an arrow. The arrow hits the jackal!
You kill the jackal!
You shoot an arrow. The arrow hits the ogre.
The ogre is heavily wounded.
The ogre hits you with a +0 giant club!
Ouch! That really hurt!
You are too injured to fight recklessly!
You are too injured to fight recklessly!
Fire: a) +0 shortbow
Press: ? - help, Q - select action, (/) - cycle Shift-Dir - straight line, f/p - ogre
Aim: an ogre, wielding a +0 giant club (heavily wounded, 78% to hit)
You shoot an arrow. The arrow hits the ogre.
The ogre is heavily wounded.
The ogre hits you with a +0 giant club!
Ouch! That really hurt!
You die...

.# ###### ##.# #....###.?.
####### #.#......# #.....#
#.#...P.#
#########.....####.#.P∩P.####
.......##.......@O.....P.....
.......##.#.....####.....##
..........#.....+..........$.
........###.....######.....⌠.
.......## #.......... .......
######.# #.....##### ..†⌠...
##.# #.....#<..# ......< #..#
###'#.###.# ..#.... ##.##
#.....# ..##...


You could see an ogre.

Vanquished Creatures
  3 dart slugs (D:1)
  A ball python (D:1)
  2 endoplasms
  5 goblins (D:1)
  3 hobgoblins (D:1)
  3 jackals (D:2)
  A kobold (D:1)
  A quokka (D:1)
  A bat (D:1)
  A frilled lizard (D:2)
  2 rats
23 creatures vanquished.

Vanquished Creatures (others)
  A plant (D:2)
1 creature vanquished.

Grand Total: 24 creatures vanquished

Notes
Turn   | Place    | Note
-------+----------+-------------------------------------------
     0 | D:1      | jimonade the Deep Elf Hunter began the quest for the Orb.
     0 | D:1      | Reached XP level 1. HP: 12/12 MP: 3/3
    62 | D:1      | Reached XP level 2. HP: 11/16 MP: 4/4
   204 | D:1      | Reached skill level 6 in Ranged Weapons
  1061 | D:2      | Found Gaduxora's Antique Weapon Boutique.
  1066 | D:2      | Reached XP level 3. HP: 20/20 MP: 5/5
  1069 | D:2      | Noticed an ogre
  1082 | D:2      | Slain by an ogre

Illustrated notes

Levels and vault maps discovered:
D:1:      minmay_arrival_shattered_statue, layout_loops_ring
D:2:      layout_basic, basic_altar, serial_shops,
          nicolae_shop_overgrown_old_shop, grunt_ministairs_9

Skill      XL: |  1  2 |
---------------+-------+-----
Ranged Weapons | 6 |  6.7
Fighting       | |  1.5
Dodging        | |  2.4
Stealth        | |  1.2

Action                   || total
-------------------------++-------
 Fire: Shortbow          ||    69
Armor: Leather armour    ||     4
       Ring mail         ||     1
Dodge: Dodged            ||    26
